Unix NetHack Version 3.7.0-115 Work-in-progress - last build Jan 29 2025 07:28:12 (3b34aa47d663d92434f44e35500363e849a55414,branch:master). Game began 2025-02-02 15:38:49, ended 2025-03-01 10:14:57. efot, lawful female dwarven Archeologist . ---.. |....- -------...- ----- |.........| ..A| |..%------- ---------.)-- ----%--- |.......|)..-- --...)... B|...@B..|...%---%..%.... |...@...).)@..-.%....... |.......|.@A.---....... |..D....|...-- --..... ---------..-- ----- ...| ----- Efot the Speleologist St:25 Dx:16 Co:20 In:20 Wi:20 Ch:12 Lawful S:1235700 Astral Plane $:0 HP:366(394) Pw:97(97) AC:-47 Xp:22/20031547 T:47339 Lev Latest messages: The priestess of Huhetotl misses the Angel of Camaxtli. The priestess of Huhetotl hits the Angel of Camaxtli. A mysterious force prevents you from teleporting! You hit the red dragon! You hit the red dragon! The Angel of Camaxtli swings his mace at the renegade priestess of Quetzalcoatl. The Angel of Camaxtli hits the renegade priestess of Quetzalcoatl. The Angel of Camaxtli swings his mace at the renegade priestess of Quetzalcoatl. The Angel of Camaxtli hits the renegade priestess of Quetzalcoatl. The Angel of Camaxtli hits the renegade priestess of Quetzalcoatl. The Angel of Huhetotl picks up a robe. The renegade priestess of Quetzalcoatl swings her mace at the Angel of Camaxtli. The renegade priestess of Quetzalcoatl hits the Angel of Camaxtli. The Angel of Camaxtli is killed! The priestess of Huhetotl swings her mace at the Angel of Camaxtli. The priestess of Huhetotl hits the Angel of Camaxtli. The priestess of Huhetotl hits the Angel of Camaxtli. The Angel of Camaxtli swings her long sword at the Angel of Huhetotl. The Angel of Camaxtli hits the Angel of Huhetotl. The Angel of Camaxtli swings her long sword at the Angel of Huhetotl. The Angel of Camaxtli hits the Angel of Huhetotl. The Angel of Camaxtli misses the Angel of Huhetotl. The Angel of Huhetotl swings his mace at the Angel of Camaxtli. The Angel of Huhetotl hits the Angel of Camaxtli. The Angel of Camaxtli is killed! The renegade priestess of Quetzalcoatl swings her mace at the Angel of Huhetotl. The renegade priestess of Quetzalcoatl hits the Angel of Huhetotl. The Angel of Huhetotl is killed! What do you want to remove? [nMT or ?*] T You were wearing a blessed ring of conflict (on right hand). The vampire bat bites! The vampire bat bites again! The renegade priestess of Quetzalcoatl picks up a cursed mace. The vampire bat misses! The vampire bat misses! The vampire bat turns to flee. The priestess of Huhetotl picks up a robe. There is a high altar to Camaxtli (neutral) here. What do you want to sacrifice? [U or ?*] U You offer the Amulet of Yendor to Camaxtli... Camaxtli accepts your gift, and gains dominion over Quetzalcoatl... Quetzalcoatl is enraged... Fortunately, Camaxtli permits you to live... A cloud of orange smoke surrounds you... Do you want your possessions identified? [ynq] (y) y Do you want to see your attributes? [ynq] (y) y Do you want an account of creatures vanquished? [ynaq] (y) y Do you want a list of species genocided and extinct? [ynaq] (y) y Do you want to see your conduct and achievements? [ynq] (y) y Do you want to see the dungeon overview? [ynq] (y) y Inventory: Amulets ('"') z - an uncursed amulet of life saving M - an uncursed amulet of life saving (being worn) Weapons (')') w - the blessed rustproof +7 Excalibur (wielded in right hand) x - a blessed +7 silver saber (wielded in left hand) Armor ('[') E - a blessed +4 helm of brilliance (being worn) q - a blessed rustproof +5 pair of gauntlets of power (being worn) G - an uncursed fireproof +4 pair of speed boots (being worn) t - an uncursed +0 pair of water walking boots d - a blessed +5 cloak of magic resistance (being worn) v - an uncursed burnt +0 robe b - an uncursed +5 Hawaiian shirt with a hibiscus flower motif (being worn) c - a blessed +4 silver dragon scale mail (being worn) Comestibles ('%') L - an uncursed lizard corpse Potions ('!') r - an uncursed potion of restore ability Rings ('=') T - a blessed ring of conflict Q - a blessed ring of free action n - an uncursed ring of regeneration (on left hand) l - an uncursed ring of teleport control Wands ('/') V - a wand of digging (0:6) p - a wand of digging (0:4) e - a cursed wand of speed monster (0:1) W - a wand of undead turning (0:5) Tools ('(') f - a blessed bag of holding containing 79 items I - an uncursed magic lamp (lit) i - an uncursed magic whistle F - the blessed Orb of Detection (0:2) a - a cursed skeleton key P - an uncursed moist towel h - a blessed +0 unicorn horn Gems/Stones ('*') y - a blessed luckstone Contents of the bag of holding: an uncursed amulet of magical breathing an uncursed +0 oilskin cloak an uncursed banana 2 uncursed C-rations 4 uncursed food rations 4 uncursed fortune cookies 4 uncursed K-rations 7 uncursed lembas wafers 5 uncursed tripe rations 2 uncursed lizard corpses a blessed scroll of blank paper 7 uncursed scrolls of blank paper a cursed scroll of blank paper 2 blessed scrolls of charging 4 uncursed scrolls of create monster a blessed scroll of earth 2 uncursed scrolls of earth 2 uncursed scrolls of enchant weapon an uncursed scroll of fire an uncursed scroll of gold detection a blessed scroll of identify 2 uncursed scrolls of magic mapping 7 blessed scrolls of remove curse 2 uncursed scrolls of scare monster a blessed scroll of taming an uncursed scroll of taming 15 uncursed scrolls of teleportation 3 blessed potions of full healing 2 blessed potions of levitation 2 uncursed potions of speed 18 potions of holy water an uncursed ring of free action a blessed +2 ring of gain constitution an uncursed ring of levitation an uncursed ring of polymorph an uncursed ring of polymorph control an uncursed ring of slow digestion an uncursed ring of slow digestion an uncursed ring of teleport control a wand of cold (0:3) a wand of create monster (0:11) a wand of create monster (0:0) a wand of death (0:6) a wand of death (0:4) a wand of digging (0:8) a wand of digging (0:7) a wand of enlightenment (0:11) a wand of fire (0:6) a wand of lightning (0:1) a wand of polymorph (0:8) a wand of sleep (0:6) a wand of speed monster (0:1) a wand of striking (0:3) a wand of teleportation (0:8) a wand of teleportation (0:4) a wand of teleportation (0:4) a wand of undead turning (0:5) a wand of wishing (1:3) a magic marker (0:21) a magic marker (0:21) a magic marker (0:3) an uncursed agate stone 7 uncursed amber stones 2 uncursed amethyst stones 2 uncursed black opals 4 uncursed chrysoberyl stones 2 uncursed diamonds 6 uncursed emeralds an uncursed jasper stone an uncursed jet stone 5 uncursed obsidian stones 5 uncursed opals 6 uncursed rubies 7 uncursed sapphires 6 uncursed topaz stones 3 uncursed turquoise stones a blessed luckstone an uncursed luckstone an uncursed touchstone Efot the Archeologist's attributes: Background: You were a Speleologist, a level 22 female dwarven Archeologist. You were lawful, on a mission for Quetzalcoatl who was opposed by Camaxtli (neutral) and Huhetotl (chaotic). You were right-handed. You were in the endgame, on the Astral Plane. You entered the dungeon 47339 turns ago. There was a new moon in effect when your adventure ended. You had 20031547 experience points, 9968453 more were needed for level 23. Your score was 1235700 before end-of-game adjustments. Basics: You had 366 out of 394 hit points. You had all 97 energy points (spell power). Your armor class was -47. Your wallet was empty. Autopickup was off. Final Characteristics: Your strength was 25 (base:18/52, peak:18/53, innate limit:18/100). Your dexterity was 16 (limit:20). Your constitution was 20 (limit:20). Your intelligence was 20 (base:16, innate limit:16). Your wisdom was 20 (base:16, innate limit:16). Your charisma was 12 (limit:16). Final Status: You were levitating, at will. You weren't hungry. You were unencumbered. You were wielding two weapons at once. You had basic skill with long sword and two weapons. Your skill in saber was limited by being basic with two weapons. Final Attributes: You were the Hand of Elbereth. You were piously aligned. You were magic-protected. You were fire resistant. You were cold resistant. You were sleep resistant. You were disintegration resistant. You were shock resistant. You were poison resistant. You were level-drain resistant. You saw invisible. You were telepathic. You had automatic searching. You were clairvoyant. You had infravision. You were stealthy. You could teleport. You regenerated. You had a large defense bonus (+17). You were warded. You took half spell damage. You were very fast. You had reflection. Your life would have been saved. You were extremely lucky. You had extra luck. Good luck did not time out for you. You could have avoided a one-shot death via saving-grace. You survived. Miscellaneous: You encountered 2 bones levels. Total elapsed playing time was 19 hours, 51 minutes and 55 seconds. Major events: Turn 1: efot the lawful female dwarven Archeologist entered the dungeon 1594: found Vorpal Blade in a shop 1776: entered the Gnomish Mines 3840: reached Mine Town 6187: attained the rank of Field Worker (level 3) 7994: attained the rank of Investigator (level 6) 8803: acquired the Mines' End luckstone 10887: destroyed galatea's ghost, the former Lookout 10889: found Sting on the floor 12213: destroyed xororand's ghost, the former Thaumaturge 12715: entered Sokoban 13061: completed 1st Sokoban level 13766: completed 2nd Sokoban level 14151: completed 3rd Sokoban level 15022: completed 4th Sokoban level 15200: acquired the Sokoban amulet of reflection 16927: attained the rank of Exhumer (level 10) 22732: was bestowed with Werebane by Quetzalcoatl 23211: was bestowed with Sunsword by Quetzalcoatl 24770: killed Croesus 32039: attained the rank of Excavator (level 14) 33423: found the Orb of Detection on the floor 33455: killed the Minion of Huhetotl 33586: acquired the Bell of Opening 34388: was crowned "The Hand of Elbereth" by Quetzalcoatl 34803: killed Medusa 35354: made her first wish - "blessed greased bag of holding", got "a greased bag" 35681: entered Gehennom 36439: bribed Baalzebub with 25 zorkmids for safe passage 36559: killed Asmodeus 36628: killed Juiblex 37326: attained the rank of Spelunker (level 18) 37849: performed her first genocide (class L) 39559: wished for "blessed rustproof +2 gauntlets of power", got "a pair of old gloves" 39988: received Excalibur from a strange woman laying about in a pond 39989: the Oracle has been killed 42485: killed Orcus 43188: destroyed Vlad the Impaler 43190: acquired the Candelabrum of Invocation 44076: killed the Wizard of Yendor 44186: acquired the Book of the Dead 44206: performed the invocation 44519: killed the high priest of Moloch 44522: acquired The Amulet of Yendor 44829: killed the Wizard of Yendor (2nd time) 44887: killed the Wizard of Yendor (3rd time) 45790: attained the rank of Speleologist (level 22) 46939: entered the Elemental Planes 46939: entered Plane of Earth 46998: entered Plane of Air 47071: killed the Wizard of Yendor (5th time) 47180: entered Plane of Fire 47232: entered Plane of Water 47300: entered the Astral Plane 47318: killed Pestilence 47339: escaped Vanquished creatures: Asmodeus Orcus 3 erinyes Juiblex the Wizard of Yendor (5 times) Pestilence Vlad the Impaler a high cleric 2 mastodons Medusa Croesus 6 krakens 3 iron golems 4 master liches 5 storm giants 5 balrogs the Minion of Huhetotl 3 purple worms 2 gray dragons 4 gold dragons 5 silver dragons 8 red dragons 5 white dragons an orange dragon a black dragon 2 blue dragons 5 green dragons a yellow dragon 18 minotaurs 5 jabberwocks 5 baluchitheria 7 Angels 2 demiliches a master mind flayer an Olog-hai 3 pit fiends a sandestin 4 hell hounds 3 displacer beasts 6 titanotheres 4 trappers a baby red dragon a baby black dragon a baby blue dragon a baby green dragon 3 guardian nagas 4 genetic engineers 2 disenchanters 32 vampire leaders 8 skeletons the Oracle 18 aligned clerics 4 captains 6 shades 3 liches a clay golem 3 nurses 12 ice devils 6 nalfeshnees 5 lurkers above 2 Aleaxes 5 ettins a golden naga 5 black puddings 15 vampires 10 lieutenants 38 ghosts 6 winged gargoyles a mind flayer 11 giant mimics 4 long worms 6 zruties 2 fire giants an ogre tyrant 6 ice trolls 7 rock trolls 4 umber hulks 3 flesh golems 5 elven monarchs 3 doppelgangers 16 hezrous 9 bone devils 7 large mimics a wumpus 9 fire vortices 2 couatls 6 stalkers 14 air elementals 11 fire elementals 6 earth elementals 9 water elementals 8 hill giants 4 giant mummies 13 xorns 15 giant zombies 24 sergeants a water demon 6 barbed devils 21 vrocks 6 salamanders 4 wargs 5 winter wolves 11 hell hound pups 21 small mimics 3 glass piercers 4 warhorses 14 steam vortices 9 xans 2 ettin mummies 6 ogre leaders 5 quantum mechanics 11 trolls a sasquatch 2 wood golems 4 mariliths 3 djinn 5 sharks 8 gelatinous cubes 2 pyrolisks 3 large dogs 7 freezing spheres 9 flaming spheres 7 shocking spheres 5 large cats 7 tigers 9 gargoyles a dwarf ruler 8 tengu 8 ochre jellies 12 leocrottas 7 energy vortices 2 mountain centaurs 2 stone giants 6 elf mummies 29 human mummies 6 red nagas a green slime 15 pythons 16 pit vipers 6 cobras 47 wraiths 6 carnivorous apes 18 ettin zombies 2 leather golems 13 Grey-elves 118 soldiers 4 watchmen 7 amorous demons 17 horned devils 5 chameleons a crocodile 35 giant beetles 2 quivering blobs 16 cockatrices 18 wolves 3 winter wolf cubs 3 lynxes a panther 8 gremlins 2 spotted jellies 19 leprechauns 6 orc-captains 5 iron piercers 6 mumakil 8 giant spiders 11 scorpions 4 horses 2 ice vortices 11 black lights 7 vampire bats a forest centaur 6 gnome rulers 3 orc mummies 6 dwarf mummies 5 ogres 4 brown puddings 10 rust monsters 9 owlbears 4 yetis a gold golem 5 werewolves 8 Green-elves 3 piranha 12 giant eels 15 lizards 4 chickatrices 4 dingoes a dog 2 housecats 7 jaguars 3 blue jellies 3 gray unicorns a black unicorn 7 dust vortices 21 ravens 3 plains centaurs 2 gnome mummies 26 snakes 10 apes 16 human zombies a rope golem a Woodland-elf 32 soldier ants 24 fire ants 15 bugbears 2 imps 3 lemures 10 quasits 6 wood nymphs 6 water nymphs 3 mountain nymphs 14 Mordor orcs 22 Uruk-hai 10 rock piercers 8 rock moles 4 ponies 10 fog clouds 17 yellow lights 3 shriekers 6 violet fungi 18 gnome leaders 10 gnomish wizards 4 kobold mummies 6 gray oozes 3 barrow wights 34 elf zombies 15 ghouls 2 straw golems 2 paper golems 4 jellyfish 70 giant ants 7 little dogs 10 floating eyes 13 dwarves 2 homunculi 4 kobold leaders 4 kobold shamans 8 hill orcs 28 rothes 3 rabid rats 2 centipedes 6 giant bats 6 monkeys 14 orc zombies 24 dwarf zombies 3 wererats a werejackal 11 iguanas 37 killer bees 4 acid blobs 5 coyotes a gas spore 11 hobbits 15 manes 6 large kobolds 13 hobgoblins 11 giant rats 12 cave spiders a brown mold 3 yellow molds 6 green molds 3 red molds 70 gnomes 41 garter snakes 13 gnome zombies 19 geckos 5 jackals 3 foxes 10 kobolds 17 goblins 5 sewer rats 21 grid bugs 3 bats 16 lichens 16 kobold zombies 21 newts 2366 creatures vanquished. Genocided or extinct species: erinyes (extinct) arch-liches master liches demiliches liches soldiers (extinct) 4 species genocided. 2 species extinct. Voluntary challenges: You read items or engraved 148 times. You engraved Elbereth 6 times. You genocided 4 types of monsters. You never polymorphed an object. You used 2 wishes. You did not wish for any artifacts. You did not violate any of the special Sokoban rules. Achievements: You entered a shop. You entered the Gnomish Mines. You entered Minetown. You entered a temple. You attained the rank of Field Worker. You attained the rank of Investigator. You completed the Gnomish Mines. You entered Sokoban. You completed Sokoban. You attained the rank of Exhumer. You attained the rank of Excavator. You handled the Bell of Opening. You defeated Medusa. You entered Gehennom. You attained the rank of Spelunker. You handled the Candelabrum of Invocation. You handled the Book of the Dead. You gained access to Moloch's Sanctum. You had obtained the Amulet of Yendor. You attained the rank of Speleologist. You reached the Elemental Planes. You reached the Astral Plane. The Elemental Planes: Astral Plane: <- You left from here. A temple and an altar. Plane of Water: Plane of Fire: Plane of Air: Plane of Earth: The Dungeons of Doom: levels 1 to 25 Level 1: One way stairs up to The Elemental Planes. Level 2: A general store, some fountains, some graves. Level 3: A general store, a fountain. Stairs down to The Gnomish Mines. Level 4: A wand shop, a fountain, a grave. Final resting place for galatea-Ran-Elf-Mal-Cha, killed by a giant ant. Level 5: A sink. Level 6: A food shop, a grave. Final resting place for xororand-Wiz-Elf-Mal-Cha, killed by a gnome queen. Level 7: "cat" Oracle of Delphi. Level 8: Stairs up to Sokoban, level 7. Level 9: Level 10: Level 11: A sink. Level 12: "polytrap" Level 13: Level 14: "stash" A temple and an altar to Quetzalcoatl, a fountain. Portal to The Quest. Level 15: A fountain. Level 16: A primitive area. Level 17: An altar. Level 18: A general store, some fountains, many trees. Level 19: Level 20: A grave. Level 21: A ring shop. Level 22: Portal to Fort Ludios. Level 23: Many trees. Level 24: A fountain. Level 25: A fountain. The castle. Connection to Gehennom. Gehennom: levels 26 to 45 Level 26: A temple and an altar, many graves. Valley of the Dead. Level 27: Level 28: Level 29: Level 30: Level 31: Level 32: Level 33: Level 34: Level 35: Level 36: Some shops, an altar, many graves. Level 37: Level 38: Stairs up to Vlad's Tower, level 37. Level 39: Level 40: Level 41: Level 42: Level 43: Level 44: Level 45: A temple and an altar, many graves. Moloch's Sanctum. The Gnomish Mines: levels 4 to 12 Level 4: Level 5: Level 6: Many shops, a temple and an altar to Quetzalcoatl, some fountains, a sink. Level 7: Level 8: Level 9: Level 10: Level 11: Level 12: A fountain. The Quest: levels 1 to 6 Level 1: Completed quest for Lord Carnarvon. Level 2: Level 3: Many temples and many altars. Level 4: Level 5: Level 6: A temple and an altar to Quetzalcoatl. Sokoban: levels 7 up to 4 Level 4: Solved. Level 5: Solved. Level 6: Solved. Level 7: Solved. Fort Ludios: Level 1: Vlad's Tower: levels 37 up to 35 Level 35: Level 36: Level 37: Goodbye efot the Archeologist... You escaped from the dungeon with 1353550 points, Excalibur (worth 4000 zorkmids and 10000 points) The Orb of Detection (worth 2500 zorkmids and 6250 points) 7 sapphires (worth 21000 zorkmids), 7 amber stones (worth 7000 zorkmids), 6 rubies (worth 21000 zorkmids), 6 emeralds (worth 15000 zorkmids), 6 topaz stones (worth 5400 zorkmids), 5 opals (worth 4000 zorkmids), 5 obsidian stones (worth 1000 zorkmids), 4 chrysoberyl stones (worth 2800 zorkmids), 3 turquoise stones (worth 6000 zorkmids), 2 diamonds (worth 8000 zorkmids), 2 black opals (worth 5000 zorkmids), 2 amethyst stones (worth 1200 zorkmids), 1 jet stone (worth 850 zorkmids), 1 jasper stone (worth 500 zorkmids), 1 agate stone (worth 200 zorkmids), 2 amulets of life saving (worth 300 zorkmids), 1 amulet of magical breathing (worth 150 zorkmids), and 0 pieces of gold, after 47339 moves. You were level 22 with a maximum of 394 hit points when you escaped.